 Dungeon Crawl Stone Soup version 0.18-a0-1140-g8540535 (webtiles) character file.

7077 st0uf the Martial Artist (level 10, 0/83 HPs)
             Began as a Pale Draconian Transmuter on Jan 21, 2016.
             Was an Elder of Vehumet.
             Slain by a centaur warrior (6 damage)
             ... on level 9 of the Dungeon.
             The game lasted 00:56:54 (10300 turns).

st0uf the Martial Artist (DrTm)                    Turns: 10300, Time: 00:56:54

Health: 0/83       AC:  9    Str: 13    XL:     10   Next: 84%
Magic:  15/19      EV: 16    Int: 14    God:    Vehumet [****..]
Gold:   178        SH:  0    Dex: 14    Spells: 4 memorised, 10 levels left

rFire  . . .     SeeInvis .       - Unarmed
rCold  . . .     Gourm    .     (armour unavailable)
rNeg   . . .     Faith    .     (shield currently unavailable)
rPois  .         Spirit   .     (helmet restricted)
rElec  .         Dismiss  .     f - +0 cloak
rCorr  +         Reflect  .     (gloves currently unavailable)
SustAt .         Harm     .     S - +0 pair of boots {run}
MR     .....                    (no amulet)
Stlth  +.........               (no ring)
                                u - ring of resist corrosion

@: blade hands, quick, not resistant to hostile enchantments, very unstealthy
A: breathe steam, unfitting armour, cold-blooded, AC +7
a: Breathe Steam, End Transformation, Renounce Religion


You were on level 9 of the Dungeon.
You worshipped Vehumet.
Vehumet was greatly pleased with you.
You were hungry.
You had blades for hands.
You visited 2 branches of the dungeon, and saw 10 of its levels.

You collected 556 gold pieces.
You spent 378 gold pieces at shops.

Inventory:

Hand Weapons
 L - the +2 blowgun of Eternal Harmony {evade, Str+5 Dex+3}
   (You took it off an orc on level 7 of the Dungeon)

   It affects your evasion (+5 to EV).
   It affects your strength (+5).
   It affects your dexterity (+3).
Missiles
 a - 83 arrows
 H - 10 arrows of frost
 J - a throwing net (quivered)
Armour
 f - a +0 cloak (worn)
 i - a +0 pair of boots
 S - a +0 pair of boots of running (worn)
Jewellery
 u - a ring of resist corrosion (left scythe-like blade)
 w - an uncursed amulet of guardian spirit
 E - an uncursed amulet of rage
 I - a +2 ring of strength {unknown}
Wands
 p - a wand of digging (12/24)
 v - a wand of magic darts (17/48)
 y - a wand of flame (38/48)
 F - a wand of confusion (12/48)
 M - a wand of disintegration (12/24)
 N - a wand of teleportation (2/9)
 O - a wand of enslavement (12/24)
 P - a wand of enslavement (16/24)
Scrolls
 d - a scroll of identify
 e - 5 scrolls of teleportation
 g - 6 scrolls of remove curse
 h - 3 scrolls of random uselessness {unknown}
 l - 2 scrolls of blinking {unknown}
 q - 3 scrolls of enchant armour {unknown}
 r - a scroll of fear {unknown}
Potions
 m - a potion of agility
 o - 7 potions of curing
 s - a potion of mutation
 x - a potion of haste
 z - 2 potions of brilliance
 A - a potion of lignification
 B - 3 potions of flight
 D - 2 potions of heal wounds
 K - a potion of poison {unknown}
 R - a potion of might {unknown}
Books
 b - a book of Changes

   Spells                             Type                      Level
   a - Beastly Appendage              Transmutation                1
   b - Sticks to Snakes               Transmutation                2
   c - Spider Form                    Transmutation/Poison         3
   d - Ice Form                       Ice/Transmutation            4
   e - Blade Hands                    Transmutation                5
 t - a book of Summonings

   Spells                             Type                      Level
   a - Recall                         Summoning/Translocation      3
   b - Aura of Abjuration             Summoning                    5
   c - Summon Demon                   Summoning                    5
   d - Summon Forest                  Summoning/Translocation      5
   e - Summon Mana Viper              Hexes/Summoning              5
   f - Shadow Creatures               Summoning                    6
Comestibles
 c - 15 bread rations
 j - a fruit
 k - 9 beef jerkies
 n - 3 meat rations
 C - 9 chunks of flesh


   Skills:
 + Level 6.1 Fighting
 + Level 7.2 Dodging
 + Level 8.9 Unarmed Combat
 + Level 6.0 Spellcasting
 * Level 8.6 Transmutations
 + Level 3.4 Poison Magic


You had 10 spell levels left.
You knew the following spells:

 Your Spells              Type           Power        Failure   Level  Hunger
a - Beastly Appendage     Trmt           ####..       12%         1    None
b - Sticks to Snakes      Trmt           ####....     14%         2    #......
c - Spider Form           Trmt/Pois      ###.......   32%         3    ###....
d - Blade Hands           Trmt           ####......   54%         5    ######.


Dungeon Overview and Level Annotations

Branches:
Dungeon (9/15)             Temple (1/1) D:4            Lair (0/8) D:9
    Orc: D:9-12

Altars:
Ashenzari
Cheibriados
Dithmenos
Elyvilon
Fedhas
Gozag
Kikubaaqudgha
Makhleb
Nemelex Xobeh
Okawaru
Pakellas
Qazlal
Ru
Sif Muna
Trog
Vehumet
Xom
Zin
The Shining One

Shops:
D:4 %   D:9 [


Innate Abilities, Weirdness & Mutations

You can breathe blasts of scalding, opaque steam.
Your pale cyan-grey scales are hard (AC +7).
Your body does not fit into most forms of armour.
You are cold-blooded and may be slowed by cold attacks.


Message History

The centaur warrior shoots an arrow of frost.
The arrow of frost barely misses you.
You see here a scorpion corpse.
The centaur warrior shoots an arrow of frost.
The arrow of frost hits you!
You feel yourself slow down. The arrow of frost freezes you.
The centaur warrior shoots an arrow of frost.
The arrow of frost hits you!!
* * * LOW HITPOINT WARNING * * *
The arrow of frost freezes you.
* * * LOW HITPOINT WARNING * * *
You see here an arrow of frost.
You feel yourself speed up.
The centaur warrior unwields an uncursed longbow.
The centaur warrior hits you.
* * * LOW HITPOINT WARNING * * *
The centaur warrior completely misses you.
You hit the centaur warrior but do no damage.
The centaur warrior hits you.
You die...

...+
#................
...#
##'###...........
...#
#...............
+###
###.......♣.....
#........>....
#####+†.♣.........
#...(........♣♣...
#......†.(........
#.........@c......
#.................
#........(........
#.......###.......
#.......# .......
#.......# .##....
.'.......'. ##
.... ###.......###
... #.......#


You could see a centaur warrior.

Vanquished Creatures
  Pikel (D:4)
  Maurice (D:9)
  Sigmund (D:4)
  8 yaks (D:9)
  4 basilisks (D:9)
  Grum (D:9)
  3 wolves (D:9)
  Edmund (D:6)
  3 porcupines (D:9)
  2 ice beasts
  A sky beast (D:7)
  4 orc warriors
  A black bear (D:8)
  4 slaves
  2 phantoms
  An ogre (D:7)
  A necrophage (D:7)
  2 centaurs
  2 crocodiles (D:9)
  4 giant frogs
  A gnoll sergeant (D:8)
  Blork the orc (D:6)
  A water moccasin skeleton (D:7)
  3 scorpions
  6 crimson imps
  A centaur zombie (D:5)
  A wasp zombie (D:9)
  4 jellies
  Crazy Yiuf (D:7)
  7 orc priests
  Terence (D:2)
  A giant frog skeleton (D:4)
  Ijyb (D:3)
  4 iguanas
  7 orc wizards
  7 worker ants
  3 killer bee zombies
  2 hound skeletons
  9 gnolls
  10 adders
  4 river rats (D:9)
  A shadow imp (D:5)
  2 adder zombies
  2 giant geckos
  28 orcs
  7 bats
  4 giant cockroaches
  6 goblins
  15 hobgoblins
  5 jackals
  5 kobolds
  2 quokkas
  A ball python (D:2)
  A ball python skeleton (D:4)
  8 giant newts
  7 rats
216 creatures vanquished.

Vanquished Creatures (others)
  A bush (D:9)
  3 fungi (D:9)
  6 plants (D:9)
10 creatures vanquished.

Grand Total: 226 creatures vanquished

Notes
Turn   | Place    | Note
--------------------------------------------------------------
     0 | D:1      | st0uf the Draconian Transmuter began the quest for the Orb.
     0 | D:1      | Reached XP level 1. HP: 16/16 MP: 3/3
   367 | D:1      | Reached XP level 2. HP: 21/23 MP: 3/5
   821 | D:2      | Noticed Terence
   855 | D:3      | Reached XP level 3. HP: 14/28 MP: 4/6
  1127 | D:3      | Noticed Ijyb
  1149 | D:3      | Killed Ijyb
  1640 | D:4      | Reached XP level 4. HP: 32/35 MP: 5/7
  1645 | D:5      | Entered Level 5 of the Dungeon
  1681 | D:5      | Learned a level 2 spell: Sticks to Snakes
  1685 | D:5      | Learned a level 3 spell: Spider Form
  1806 | D:5      | Reached skill level 4 in Unarmed Combat
  1806 | D:5      | Reached XP level 5. HP: 37/41 MP: 6/9
  1879 | D:5      | Reached XP level 6. HP: 31/48 MP: 6/10
  1926 | D:5      | Noticed an ice beast
  2019 | D:5      | Found a deep blue altar of Sif Muna.
  2749 | D:6      | Noticed Edmund
  2763 | D:6      | Killed Edmund
  2763 | D:6      | Reached skill level 1 in Poison Magic
  2763 | D:6      | Reached XP level 7. HP: 43/56 MP: 2/12
  2763 | D:6      | Your scales start taking on a pale cyan-grey colour.
  2791 | D:6      | Found a shattered altar of Ashenzari.
  2809 | D:6      | Found a glowing golden altar of the Shining One.
  2819 | D:6      | Found a blossoming altar of Fedhas.
  2857 | D:6      | Found a shadowy altar of Dithmenos.
  3033 | D:6      | Noticed Blork the orc
  3043 | D:6      | Killed Blork the orc
  3043 | D:6      | Reached skill level 5 in Unarmed Combat
  3324 | D:6      | Found a radiant altar of Vehumet.
  3328 | D:6      | Became a worshipper of Vehumet
  3496 | D:4      | Noticed Pikel
  3497 | D:4      | Found Citelo Ubra's Food Emporium.
  3893 | D:4      | Found a staircase to the Ecumenical Temple.
  3903 | Temple   | Entered the Ecumenical Temple
  4139 | D:4      | Noticed Sigmund
  4266 | D:4      | Killed Sigmund
  4379 | D:4      | Killed Pikel
  4379 | D:4      | Reached skill level 6 in Unarmed Combat
  4379 | D:4      | Reached skill level 5 in Transmutations
  4379 | D:4      | Reached XP level 8. HP: 29/63 MP: 8/14
  5665 | D:2      | Killed Terence
  5949 | D:1      | Reached * piety under Vehumet
  5949 | D:1      | Offered knowledge of Flame Tongue by Vehumet.
  7022 | D:7      | Offered knowledge of Magic Dart by Vehumet.
  7245 | D:7      | Reached ** piety under Vehumet
  7245 | D:7      | Reached XP level 9. HP: 52/71 MP: 15/15
  7543 | D:7      | Reached skill level 5 in Dodging
  7543 | D:7      | Reached skill level 7 in Unarmed Combat
  7565 | D:7      | Learned a level 5 spell: Blade Hands
  7906 | D:7      | Got a steaming blowgun
  7907 | D:7      | Identified the +2 blowgun of Eternal Harmony {evade, Str+5 Dex+3} (You took it off an orc on level 7 of the Dungeon)
  7933 | D:7      | Noticed Crazy Yiuf
  7963 | D:7      | Killed Crazy Yiuf
  8051 | D:7      | Found a sacrificial altar of Ru.
  8222 | D:8      | Offered knowledge of Throw Flame by Vehumet.
  8676 | D:8      | Reached skill level 5 in Spellcasting
  8728 | D:8      | Reached *** piety under Vehumet
  8882 | D:8      | HP: 2/72 [orc priest/divine providence (15)]
  9454 | D:9      | Noticed Grum
  9457 | D:9      | Reached skill level 5 in Fighting
  9467 | D:9      | Offered knowledge of Airstrike by Vehumet.
  9467 | D:9      | Reached XP level 10. HP: 60/81 MP: 17/17
  9567 | D:9      | Found Cethofuj's Armour Emporium.
  9572 | D:9      | Bought a +0 pair of boots of running for 378 gold pieces
  9700 | D:9      | Noticed Maurice
  9790 | D:9      | Killed Maurice
  9790 | D:9      | Reached skill level 8 in Unarmed Combat
  9915 | D:9      | Reached **** piety under Vehumet
 10167 | D:9      | Killed Grum
 10171 | D:9      | Found a staircase to the Lair.
 10173 | D:9      | Offered knowledge of Venom Bolt by Vehumet.
 10294 | D:9      | Noticed a centaur warrior
 10300 | D:9      | Slain by a centaur warrior

Vault maps used:
D:1:      dpeg_arrival_central, hangedman_abyss_or_decor_lesser_grid,
          interstate_on_off, hex_large
D:2:      lemuel_upstairs_altar, uniq_terence
D:3:      uniq_iyjb
D:4:      minmay_temple_entry_overgrown, serial_shops, nicolae_shop_statue_plus,
          hangedman_decor_slide_cut, dk_rats_in_the_wall, uniq_sigmund,
          uniq_pikel
D:5:      led_sif_pool, first_bread
D:6:      nicolae_dithmenos_shadow_blocks, nicolae_overflow_quartered_altars,
          uniq_edmund, uniq_blork_the_orc
D:7:      marbit_many_paths, grunt_ogre_cave, kennysheep_generic_room_10,
          uniq_crazy_yiuf_cottage
D:9:      lemuel_mausoleum_altar_yredelemnul, minmay_lair_entry_grove,
          serial_shops, shop, kennysheep_generic_room_3, uniq_maurice, uniq_grum
Temple:   dpeg_five_rooms_temple_12

Action                   |  1- 3 |  4- 6 |  7- 9 | 10-12 || total
-------------------------+-------+-------+-------+-------++-------
Melee: Unarmed           |    96 |   115 |   559 |   119 ||   889
 Cast: Beastly Appendage |    17 |    10 |    40 |     1 ||    68
       Spider Form       |       |     6 |    42 |     2 ||    50
       Blade Hands       |       |       |       |     7 ||     7
 Abil: Breathe Steam     |       |       |     1 |     1 ||     2
  Use: Potion            |     1 |       |       |       ||     1
       Scroll            |       |       |    12 |       ||    12
 Stab: Sleeping          |       |       |     2 |       ||     2
       Distracted        |       |       |       |     1 ||     1
  Eat: Chunk             |     2 |     5 |    26 |     6 ||    39
